 Dungeon Crawl Stone Soup version 0.21-a0-504-g2eda330 (webtiles) character file.

497 Spazmo the Conjurer (level 6, -2/32 HPs)
             Began as a Deep Elf Conjurer on Nov 26, 2017.
             Killed by divine providence
             ... invoked by an orc priest
              (11 damage)
             ... on level 6 of the Dungeon.
             The game lasted 00:11:02 (4583 turns).

Spazmo the Conjurer (Deep Elf Conjurer)             Turns: 4583, Time: 00:11:03

Health: -2/32      AC:  6    Str:  5    XL:     6   Next: 93%
Magic:  8/16       EV: 15    Int: 22    God:
Gold:   349        SH:  5    Dex: 15    Spells: 5/16 levels left

rFire    + . .     SeeInvis .   u - +1 dagger (venom)
rCold    . . .     Gourm    .   (no shield)
rNeg     + . .     Faith    .   a - +0 robe
rPois    .         Spirit   .   s - +0 helmet
rElec    .         Reflect  +   (no cloak)
rCorr    .         Harm     .   x - +0 pair of gloves
MR       .....                  e - +1 pair of boots
Stlth    +++.......             n - +5 amulet of reflection
HPRegen  0.10/turn              A - ring of positive energy
MPRegen  0.15/turn              C - ring of protection from fire

@: no status effects
A: no striking features
a: no special abilities


You were on level 6 of the Dungeon.
You were hungry.

You visited 1 branch of the dungeon, and saw 6 of its levels.

You collected 349 gold pieces.

Inventory:

Hand Weapons
 u - a +1 dagger of venom (weapon)
Missiles
 g - 173 stones (quivered)
Armour
 a - a +0 robe (worn)
 e - a +1 pair of boots (worn)
 s - a +0 helmet (worn)
 x - a +0 pair of gloves (worn)
Magical Staves
 y - an uncursed staff of poison
Jewellery
 n - a +5 amulet of reflection (around neck)
 A - a ring of positive energy (left hand)
 C - a ring of protection from fire (right hand)
Wands
 w - a wand of flame (28)
 B - a wand of polymorph (11)
Scrolls
 h - a scroll of fog
 m - a scroll of remove curse
 o - 6 scrolls of identify
 r - 7 scrolls of teleportation
 t - 2 scrolls of magic mapping
Potions
 f - 2 potions of ambrosia
 i - 2 potions of flight
 j - 4 potions of curing
 l - a potion of brilliance
 p - a potion of agility
 q - a potion of might {unknown}
 v - a potion of lignification {unknown}
 z - a potion of heal wounds {unknown}
Books
 b - a book of Conjurations

   Spells                             Type                      Level
   a - Magic Dart                     Conjuration                  1
   b - Searing Ray                    Conjuration                  2
   c - Dazzling Spray                 Conjuration/Hexes            3
   d - Fulminant Prism                Conjuration/Hexes            4
   e - Force Lance                    Conjuration/Translocation    4
   f - Iskenderun's Mystic Blast      Conjuration                  4
Comestibles
 c - 4 bread rations
 d - 8 royal jellies
 k - 3 meat rations


   Skills:
 - Level 5.0 Dodging
 - Level 5.1 Stealth
 + Level 5.6 Spellcasting
 + Level 6.0 Conjurations


You had 5 spell levels left.
You knew the following spells:

 Your Spells              Type           Power        Failure   Level  Hunger
a - Magic Dart            Conj           ####         1%          1    None
b - Searing Ray           Conj           ####..       1%          2    None
c - Force Lance           Conj/Tloc      ###.....     26%         4    ####...
d - Iskenderun's Mystic   Conj           ####....     8%          4    ####...


Dungeon Overview and Level Annotations

Branches:
Dungeon (6/15)
 Temple: D:4-7

Altars:

Shops:
D:5 =


Message History

Unknown command.
Casting: Searing Ray
Confirm with . or Enter, or press ? or * to list all spells.
Aiming: Searing Ray
Press: ? - help, Shift-Dir - straight line, f/p - orc warrior
Aim: an orc warrior, wielding a long sword and wearing a plate armour (moderately wounded)
The searing ray hits the orc warrior.
The orc warrior is moderately wounded. (Press . to maintain the ray.)
The orc priest invokes the aid of Beogh against you.
Beogh smites you! You block the orc warrior's attack.
The searing ray hits the orc warrior.
The orc warrior is heavily wounded.
The orc warrior hits you with a long sword.
* * * LOW HITPOINT WARNING * * *
The searing ray hits the orc warrior.
The orc warrior is heavily wounded.
The orc priest calls down the wrath of Beogh upon you.
Beogh smites you!
You die...

..... .... ## ....
######< ..#
#...... .o#
#.###.. #o#
#.#....
#o##########.#####
#@#.....(....#
#.#.##########
#.#.# #...# #####


You could see an orc warrior, an orc priest and an orc.

Vanquished Creatures
  A phantom (D:5)
  A scorpion (D:5)
  A crimson imp (D:5)
  An orc priest (D:4)
  2 orc wizards
  A bullfrog skeleton (D:4)
  An iguana (D:5)
  A worker ant (D:5)
  Robin (D:4)
  2 adders
  2 oozes
  An adder skeleton (D:5)
  5 worms (D:2)
  2 dart slugs
  2 leopard geckos
  5 orcs
  A ball python (D:2)
  6 bats
  3 giant cockroaches
  11 goblins
  13 hobgoblins
  15 jackals
  2 quokkas
  A ball python skeleton (D:4)
  9 frilled lizards
  A jackal skeleton (D:4)
  6 kobolds
  A leopard gecko skeleton (D:5)
  A quokka skeleton (D:5)
  5 rats
104 creatures vanquished.

Notes
Turn   | Place    | Note
-------+----------+-------------------------------------------
     0 | D:1      | Spazmo the Deep Elf Conjurer began the quest for the Orb.
     0 | D:1      | Reached XP level 1. HP: 10/10 MP: 6/6
   272 | D:1      | Reached XP level 2. HP: 15/15 MP: 4/8
   276 | D:1      | Learned a level 2 spell: Searing Ray
   575 | D:1      | Reached XP level 3. HP: 19/19 MP: 7/10
  1339 | D:2      | Reached XP level 4. HP: 24/24 MP: 6/11
  1345 | D:2      | Learned a level 4 spell: Force Lance
  1489 | D:2      | Reached skill level 5 in Conjurations
  2564 | D:4      | Learned a level 4 spell: Iskenderun's Mystic Blast
  2586 | D:4      | Noticed Robin
  2594 | D:4      | Killed Robin
  2597 | D:4      | Reached XP level 5. HP: 28/28 MP: 2/13
  3275 | D:5      | Entered Level 5 of the Dungeon
  3549 | D:5      | Reached skill level 5 in Spellcasting
  3549 | D:5      | Reached XP level 6. HP: 32/32 MP: 10/15
  4017 | D:5      | Reached skill level 5 in Stealth
  4291 | D:5      | Reached skill level 5 in Dodging
  4291 | D:5      | Reached skill level 6 in Conjurations
  4443 | D:5      | Found Uref's Jewellery Shop.
  4575 | D:6      | Noticed an orc warrior
  4583 | D:6      | Killed from afar by an orc priest

Vault maps used:
D:1:      lightli_arrival_lavapool, minmay_misc_feat_enclosed
D:3:      first_bread
D:4:      uniq_robin
D:5:      serial_shops, nicolae_shop_behind_doors
D:6:      tgw_trog, minmay_temple_entry_nine_rooms, uniq_prince_ribbit1

Skill      XL: |  1  2  3  4  5  6 |
---------------+-------------------+-----
Stealth        | 3 4 5 |  5.1
Dodging        | 3 4 5 |  5.0
Spellcasting   | 4 5 |  5.6
Conjurations   | 5 6 |  6.0

Action                   |  1- 3 |  4- 6 || total
-------------------------+-------+-------++-------
Melee: Short sword       |     6 |     5 ||    11
 Cast: Magic Dart        |    86 |   117 ||   203
       Searing Ray       |     3 |    15 ||    18
  Use: Scroll            |     4 |     3 ||     7
       Potion            |     1 |     3 ||     4
  Eat: Chunk             |     1 |     9 ||    10
Armor: Robe              |     6 |     5 ||    11
Dodge: Dodged            |     6 |    19 ||    25
Block: Other             |       |     5 ||     5

Table legend:
 A = Spawn XP
 B = Non-spawn XP
 C = Spawn XP percentage of total XP
 D = Spawn monster count
 E = Non-spawn monster count
 F = Spawn count percentage of total count
 G = Total turns spent on level
                    A         B        C        D         E        F      G
               +---------+---------+-------+---------+---------+-------+---------
         Total |       0 |     711 |   0.0 |       0 |     104 |   0.0 |  4583
               +---------+---------+-------+---------+---------+-------+---------
           D:1 |       0 |      51 |   0.0 |       0 |      29 |   0.0 |   866
           D:2 |       0 |      82 |   0.0 |       0 |      29 |   0.0 |   948
           D:3 |       0 |      31 |   0.0 |       0 |      11 |   0.0 |   606
           D:4 |       0 |     166 |   0.0 |       0 |      20 |   0.0 |   855
           D:5 |       0 |     381 |   0.0 |       0 |      15 |   0.0 |  1194
               +---------+---------+-------+---------+---------+-------+---------
